[ AOE2 MATCH · #474480720 ]
1v1 RMChinese vs Huns
Player's team · LOSS
Rival team · WIN
[ REPLAY ANALYSIS · EXTRACTED FROM THE RECORDED GAME ]
Feudal
8:48
Castle
19:44
Imperial
—
| APM avg | 44.5 |
| APM peak | 91 |
| eAPM avg | 21.4 |
| Villagers / military | 111 / 56 |
Focus
⚔️ 46.4% · 🌾 53.6%
Fire Lancer ×21 · Skirmisher ×13 · Knight ×9 · Iron Pagoda ×7 · Scout Cavalry ×3 · Spearman ×2
Feudal
9:20
Castle
23:47
Imperial
—
| APM avg | 58.0 |
| APM peak | 103 |
| eAPM avg | 19.3 |
| Villagers / military | 92 / 52 |
Focus
⚔️ 23.7% · 🌾 76.3%
Cavalry Archer ×23 · Spearman ×15 · Scout Cavalry ×12 · Knight ×2
Match map
Resources at game start + every placement click. Thick line = wall · dashed box = detected house wall. 🟡 gold · ⚪ stone · 🟢 berries · 🔶 boar · ⭕ relic
Inputs per minute
— weifu.w - - 不会讲英文
Build order — weifu.w
First 150 of 262 actions detected
| 0:01 | Research | Loom |
| 0:01 | Research | Loom |
| 0:36 | Create | Villager (Male) |
| 0:36 | Create | Villager (Male) |
| 1:02 | Create | Villager (Male) |
| 1:03 | Create | Villager (Male) |
| 1:28 | Create | Villager (Male) |
| 1:51 | Create | Villager (Male) |
| 1:51 | Create | Villager (Male) |
| 2:02 | Build | Lumber Camp |
| 2:19 | Create | Villager (Male) |
| 2:19 | Create | Villager (Male) |
| 2:42 | Build | House |
| 2:50 | Create | Villager (Male) |
| 2:51 | Create | Villager (Male) |
| 3:07 | Create | Villager (Male) |
| 3:07 | Create | Villager (Male) |
| 3:23 | Create | Villager (Male) |
| 3:23 | Create | Villager (Male) |
| 3:52 | Create | Villager (Male) |
| 3:52 | Create | Villager (Male) |
| 4:27 | Create | Villager (Male) |
| 4:27 | Create | Villager (Male) |
| 4:47 | Create | Villager (Male) |
| 4:47 | Create | Villager (Male) |
| 4:51 | Create | Villager (Male) |
| 4:53 | Create | Villager (Male) |
| 4:53 | Create | Villager (Male) |
| 5:03 | Build | House |
| 5:22 | Create | Villager (Male) |
| 5:22 | Create | Villager (Male) |
| 5:45 | Create | Villager (Male) |
| 5:45 | Create | Villager (Male) |
| 5:47 | Build | Mill |
| 5:55 | Create | Villager (Male) |
| 5:55 | Create | Villager (Male) |
| 6:17 | Create | Villager (Male) |
| 6:17 | Create | Villager (Male) |
| 6:17 | Create | Villager (Male) |
| 6:38 | Research | Feudal Age |
| 7:28 | Build | Barracks |
| 7:30 | Build | House |
| 8:40 | Create | Villager (Male) |
| 8:40 | Create | Villager (Male) |
| 8:48 | Age | Feudal Age |
| 8:51 | Build | Stable |
| 8:55 | Research | Double-Bit Axe |
| 8:57 | Create | Villager (Male) |
| 9:05 | Create | Villager (Male) |
| 9:12 | Build | Farm |
| 9:14 | Create | Villager (Male) |
| 9:18 | Create | Villager (Male) |
| 9:18 | Create | Villager (Male) |
| 9:23 | Build | House |
| 9:31 | Build | Palisade Wall |
| 9:33 | Build | Palisade Wall |
| 9:34 | Create | Villager (Male) |
| 9:45 | Create | Scout Cavalry |
| 9:45 | Create | Scout Cavalry |
| 9:49 | Build | Farm |
| 9:55 | Build | Farm |
| 9:58 | Build | Farm |
| 10:03 | Create | Villager (Male) |
| 10:23 | Build | Farm |
| 10:26 | Build | Farm |
| 10:26 | Create | Villager (Male) |
| 10:50 | Create | Spearman |
| 11:01 | Create | Scout Cavalry |
| 11:08 | Build | Farm |
| 11:32 | Create | Villager (Male) |
| 11:35 | Create | Villager (Male) |
| 11:39 | Build | Lumber Camp |
| 11:41 | Build | House |
| 11:42 | Build | Blacksmith |
| 11:52 | Create | Spearman |
| 12:15 | Create | Villager (Male) |
| 12:20 | Build | Mining Camp |
| 12:25 | Create | Villager (Male) |
| 12:39 | Create | Villager (Male) |
| 12:42 | Build | Farm |
| 12:43 | Build | Farm |
| 12:58 | Create | Villager (Male) |
| 13:11 | Create | Villager (Male) |
| 13:20 | Build | House |
| 13:30 | Build | House |
| 13:32 | Build | House |
| 13:32 | Create | Villager (Male) |
| 13:37 | Create | Villager (Male) |
| 13:52 | Create | Villager (Male) |
| 14:02 | Create | Villager (Male) |
| 14:09 | Build | House |
| 14:11 | Build | House |
| 14:14 | Create | Villager (Male) |
| 14:41 | Create | Villager (Male) |
| 14:59 | Create | Villager (Male) |
| 15:03 | Create | Villager (Male) |
| 15:04 | Create | Villager (Male) |
| 15:06 | Build | Farm |
| 15:26 | Create | Villager (Male) |
| 15:40 | Create | Villager (Male) |
| 15:44 | Build | House |
| 15:45 | Build | House |
| 16:04 | Create | Villager (Male) |
| 16:10 | Build | Mill |
| 16:11 | Build | Farm |
| 16:11 | Build | Farm |
| 16:11 | Build | Farm |
| 16:11 | Build | Farm |
| 16:12 | Build | Farm |
| 16:17 | Build | Farm |
| 16:41 | Build | Market |
| 16:51 | Build | House |
| 16:53 | Build | House |
| 17:04 | Research | Castle Age |
| 17:04 | Research | Castle Age |
| 17:13 | Build | House |
| 17:18 | Build | Palisade Wall |
| 17:32 | Research | Horse Collar |
| 18:18 | Research | Scale Barding Armor |
| 18:24 | Build | House |
| 18:25 | Build | House |
| 18:29 | Build | Stable |
| 18:30 | Research | Bloodlines |
| 18:33 | Create | Villager (Male) |
| 18:42 | Build | Building 796 |
| 18:53 | Build | Building 796 |
| 18:57 | Create | Villager (Male) |
| 19:03 | Build | Mining Camp |
| 19:29 | Build | Barracks |
| 19:33 | Build | House |
| 19:34 | Build | House |
| 19:35 | Build | House |
| 19:35 | Build | House |
| 19:44 | Age | Castle Age |
| 19:51 | Create | Knight |
| 19:51 | Create | Knight |
| 19:54 | Research | Chain Barding Armor |
| 20:09 | Create | Knight |
| 20:12 | Create | Fire Lancer |
| 20:12 | Create | Fire Lancer |
| 20:35 | Research | Husbandry |
| 20:36 | Create | Villager (Male) |
| 20:44 | Create | Knight |
| 20:44 | Create | Knight |
| 20:56 | Create | Villager (Male) |
| 21:12 | Create | Villager (Male) |
| 21:27 | Create | Villager (Male) |
| 21:31 | Create | Fire Lancer |
| 21:31 | Create | Fire Lancer |
| 21:33 | Research | Squires |
Build order — 不会讲英文
First 150 of 238 actions detected
| 0:00 | Create | Villager (Male) |
| 0:01 | Create | Villager (Male) |
| 0:01 | Create | Villager (Male) |
| 0:01 | Create | Villager (Male) |
| 1:24 | Create | Villager (Male) |
| 1:47 | Build | Lumber Camp |
| 1:59 | Create | Villager (Male) |
| 1:59 | Create | Villager (Male) |
| 2:27 | Create | Villager (Male) |
| 2:47 | Create | Villager (Male) |
| 2:47 | Create | Villager (Male) |
| 3:38 | Create | Villager (Male) |
| 4:04 | Create | Villager (Male) |
| 4:04 | Create | Villager (Male) |
| 5:01 | Create | Villager (Male) |
| 5:01 | Create | Villager (Male) |
| 5:01 | Create | Villager (Male) |
| 5:11 | Build | Mill |
| 5:19 | Build | Mill |
| 5:26 | Create | Villager (Male) |
| 5:50 | Create | Villager (Male) |
| 5:50 | Create | Villager (Male) |
| 5:56 | Create | Villager (Male) |
| 5:56 | Create | Villager (Male) |
| 7:10 | Research | Feudal Age |
| 7:21 | Create | Villager (Male) |
| 7:22 | Create | Villager (Male) |
| 7:38 | Build | Barracks |
| 9:20 | Age | Feudal Age |
| 9:21 | Build | Stable |
| 9:27 | Research | Double-Bit Axe |
| 9:27 | Research | Double-Bit Axe |
| 9:32 | Create | Spearman |
| 9:37 | Research | Horse Collar |
| 9:52 | Create | Scout Cavalry |
| 9:52 | Create | Scout Cavalry |
| 10:05 | Research | Loom |
| 10:16 | Create | Villager (Male) |
| 10:34 | Create | Villager (Male) |
| 10:39 | Build | Farm |
| 10:48 | Build | Farm |
| 10:54 | Create | Scout Cavalry |
| 11:23 | Create | Villager (Male) |
| 11:24 | Create | Villager (Male) |
| 11:28 | Build | Farm |
| 11:36 | Build | Farm |
| 11:37 | Create | Villager (Male) |
| 11:39 | Build | Farm |
| 11:40 | Build | Farm |
| 11:44 | Build | Farm |
| 11:48 | Create | Spearman |
| 11:49 | Create | Spearman |
| 11:49 | Create | Spearman |
| 12:10 | Create | Spearman |
| 12:20 | Create | Spearman |
| 12:24 | Create | Villager (Male) |
| 12:27 | Create | Villager (Male) |
| 12:27 | Create | Villager (Male) |
| 12:35 | Build | Farm |
| 12:38 | Build | Farm |
| 12:49 | Create | Villager (Male) |
| 13:10 | Create | Villager (Male) |
| 13:12 | Build | Farm |
| 13:14 | Create | Villager (Male) |
| 13:29 | Create | Villager (Male) |
| 13:36 | Create | Villager (Male) |
| 13:38 | Build | Lumber Camp |
| 14:20 | Build | Blacksmith |
| 14:28 | Create | Spearman |
| 14:44 | Build | Farm |
| 15:08 | Build | Farm |
| 15:10 | Create | Villager (Male) |
| 15:12 | Create | Scout Cavalry |
| 15:12 | Create | Scout Cavalry |
| 15:13 | Create | Scout Cavalry |
| 15:21 | Create | Villager (Male) |
| 15:29 | Build | Farm |
| 15:30 | Build | Farm |
| 15:37 | Research | Scale Barding Armor |
| 15:37 | Research | Scale Barding Armor |
| 15:41 | Research | Forging |
| 15:44 | Build | Farm |
| 16:01 | Create | Villager (Male) |
| 16:04 | Create | Villager (Male) |
| 16:06 | Build | Farm |
| 16:12 | Build | Mining Camp |
| 16:40 | Create | Villager (Male) |
| 16:42 | Create | Scout Cavalry |
| 16:42 | Create | Scout Cavalry |
| 16:55 | Build | Farm |
| 16:59 | Build | Farm |
| 17:00 | Create | Villager (Male) |
| 17:02 | Build | Farm |
| 17:14 | Create | Villager (Male) |
| 17:34 | Build | Farm |
| 17:55 | Create | Villager (Male) |
| 17:58 | Build | Archery Range |
| 18:22 | Create | Scout Cavalry |
| 18:22 | Create | Scout Cavalry |
| 18:33 | Build | Farm |
| 18:38 | Build | Farm |
| 18:42 | Create | Scout Cavalry |
| 18:54 | Build | Farm |
| 18:58 | Build | Farm |
| 19:01 | Build | Farm |
| 19:03 | Create | Villager (Male) |
| 19:03 | Create | Villager (Male) |
| 19:23 | Build | Palisade Wall |
| 19:34 | Create | Scout Cavalry |
| 19:39 | Create | Villager (Male) |
| 20:07 | Research | Bloodlines |
| 20:35 | Create | Spearman |
| 20:41 | Build | Archery Range |
| 21:07 | Research | Castle Age |
| 21:07 | Research | Castle Age |
| 21:32 | Create | Spearman |
| 21:32 | Create | Spearman |
| 21:43 | Build | Archery Range |
| 21:49 | Build | Palisade Wall |
| 22:17 | Create | Villager (Male) |
| 22:30 | Research | Scale Mail Armor |
| 22:37 | Create | Spearman |
| 22:38 | Create | Spearman |
| 22:38 | Create | Spearman |
| 22:52 | Create | Spearman |
| 22:53 | Create | Spearman |
| 23:16 | Build | Palisade Wall |
| 23:40 | Research | Wheelbarrow |
| 23:47 | Age | Castle Age |
| 23:49 | Build | Palisade Wall |
| 23:56 | Build | Building 796 |
| 24:00 | Create | Villager (Male) |
| 24:08 | Build | Town Center |
| 24:36 | Create | Cavalry Archer |
| 24:37 | Create | Cavalry Archer |
| 24:37 | Create | Cavalry Archer |
| 24:41 | Create | Villager (Male) |
| 24:41 | Create | Villager (Male) |
| 24:47 | Create | Villager (Male) |
| 25:25 | Create | Villager (Male) |
| 25:25 | Create | Villager (Male) |
| 26:06 | Create | Villager (Male) |
| 26:06 | Create | Villager (Male) |
| 26:08 | Create | Villager (Male) |
| 26:08 | Create | Villager (Male) |
| 26:08 | Create | Villager (Male) |
| 26:25 | Research | Iron Casting |
| 26:28 | Research | Light Cavalry (upgrade) |
| 26:30 | Create | Villager (Male) |
| 26:31 | Create | Villager (Male) |
Match timeline
| 7:28 | weifu.w · first_building Barracks |
| 7:38 | 不会讲英文 · first_building Barracks |
| 8:48 | weifu.w · age_up feudal |
| 8:51 | weifu.w · first_building Stable |
| 9:20 | 不会讲英文 · age_up feudal |
| 9:21 | 不会讲英文 · first_building Stable |
| 9:31 | weifu.w · wall_segment Palisade Wall x4 |
| 9:33 | weifu.w · wall_segment Palisade Wall x8 |
| 17:18 | weifu.w · wall_segment Palisade Wall x6 |
| 17:58 | 不会讲英文 · first_building Archery Range |
| 19:23 | 不会讲英文 · wall_segment Palisade Wall x8 |
| 19:44 | weifu.w · age_up castle |
| 21:49 | 不会讲英文 · wall_segment Palisade Wall x1 |
| 23:16 | 不会讲英文 · wall_segment Palisade Wall x1 |
| 23:47 | 不会讲英文 · age_up castle |
| 23:49 | 不会讲英文 · wall_segment Palisade Wall x7 |
| 27:24 | weifu.w · first_building Siege Workshop |
| 28:20 | weifu.w · first_building Archery Range |
| 31:20 | weifu.w · first_market_buy 100 wood |
| 33:20 | 不会讲英文 · first_building Castle |
| 33:30 | weifu.w · first_building Castle |
| 35:04 | weifu.w · resign |
[ AI ANALYSIS · 1 CREDIT ]
What really happened in this match?
Wolo.gg analyzes every decision: build order, eco, micro, common mistakes by bracket. Personalized analysis on WhatsApp or Discord in 30 seconds.
Civ guide
Chinese
Map guide
Golden Pit
Perfil
Jugador #19254019